 Dungeon Crawl Stone Soup version 0.26.1-2-gb8aa6d0cf2 (webtiles) character file.

Game seed: 5328391440449332525

10861 Somethingsin the Severer (level 11, 0/80 HPs)
             Began as a Hill Orc Gladiator on Feb 9, 2021.
             Was a Priest of Makhleb.
             Slain by a two-headed ogre
             ... wielding a +0 giant club of flaming
              (1 damage)
             ... in a volcano.
             The game lasted 01:06:51 (13192 turns).

Somethingsin the Severer (Hill Orc Gladiator)      Turns: 13192, Time: 01:06:53

Health: 0/80       AC: 19    Str: 21    XL:     11   Next: 68%
Magic:  16/16      EV:  7    Int: 11    God:    Makhleb [***...]
Gold:   127        SH:  0    Dex: 12    Spells: 10/10 levels left

rFire    . . .     SeeInvis .   Z - +5 battleaxe
rCold    . . .     Faith    .   (shield currently unavailable)
rNeg     . . .     Spirit   .   B - +3 plate armour
rPois    +         Reflect  .   Q - +1 hat {Int+3}
rElec    .         Harm     .   (no cloak)
rCorr    .         Rampage  .   n - +0 pair of gloves
Will     .....                  (no boots)
Stlth    ..........             (no amulet)
HPRegen  0.23/turn              F - ring of poison resistance
MPRegen  0.15/turn              (no ring)

@: no status effects
A: no striking features
a: Renounce Religion, Minor Destruction, Lesser Servant of Makhleb


You were in a volcano.
You worshipped Makhleb.
Makhleb was most pleased with you.
You visited 3 branches of the dungeon, and saw 12 of its levels.
You also visited: Volcano.

You collected 578 gold pieces.
You spent 451 gold pieces at shops.

Inventory:

Hand Weapons
 a - a +0 war axe
 p - a +1 whip of freezing
 s - a +3 flail of holy wrath
 C - a +4 war axe
 N - a +1 vampiric spear
 U - a +2 flail of protection
 X - a +3 battleaxe
 Z - a +5 battleaxe (weapon)
Missiles
 j - 12 javelins
 t - 3 boomerangs
 D - 28 poisoned darts (quivered)
 G - 8 curare-tipped darts
Armour
 b - a +0 plate armour
 k - a +0 helmet
 n - a +0 pair of gloves (worn)
 u - a +0 helmet
 B - a +3 plate armour (worn)
 Q - a +1 hat of intelligence (worn)
Magical Staves
 O - an uncursed staff of cold {unknown}
Jewellery
 F - a ring of poison resistance (left hand)
Wands
 v - a wand of digging (9)
 w - a wand of flame (28)
 z - a wand of polymorph (7)
 W - a wand of acid (6)
Scrolls
 c - a scroll of amnesia
 d - 6 scrolls of teleportation
 I - 2 scrolls of remove curse
 M - 7 scrolls of identify
 P - a scroll of magic mapping {unknown}
 R - a scroll of enchant weapon {unknown}
 T - a scroll of fear {unknown}
Potions
 e - a potion of heal wounds {unknown}
 f - 2 potions of lignification
 g - a potion of mutation {unknown}
 h - 3 potions of magic
 i - a potion of haste
 m - a potion of berserk rage
 x - 2 potions of might
 A - a potion of flight {unknown}
 S - 2 potions of brilliance


   Skills:
 - Level 2.4 Fighting
 * Level 17.4 Axes
 - Level 2.0 Throwing
 - Level 9.3 Armour
 - Level 2.4 Dodging
 * Level 7.5 Invocations
 - Level 4.4 Evocations


You had 10 spell levels left.
You didn't know any spells.
Your spell library was empty.

Dungeon Overview and Level Annotations

Branches:
Dungeon (10/15)            Temple (1/1) D:4            Lair (1/6) D:10
Volcano (1/1)
    Orc: D:9-12

Altars:
Ashenzari
Cheibriados
Dithmenos
Elyvilon
Fedhas
Gozag
Hepliaklqana
Kikubaaqudgha
Makhleb
Nemelex Xobeh
Okawaru
Qazlal
Ru
Sif Muna
Trog
Uskayaw
Vehumet
Wu Jian
Xom
Yredelemnul
Zin
The Shining One

Shops:
D:6 *   D:8 **}?

Annotations:
D:3 3 runed translucent doors, Richi's ghost, amateur NaCK; kthxbai's ghost, amateur DsAK; stripedtigrrr's ghost, amateur TeSu


Message History

Okay, then.
You hit the two-headed ogre.
The two-headed ogre is severely wounded.
The two-headed ogre hits you with a +0 giant club of flaming!
* * * LOW HITPOINT WARNING * * *
The two-headed ogre burns you.
* * * LOW HITPOINT WARNING * * *
The two-headed ogre hits you with a +0 giant club of flaming.
* * * LOW HITPOINT WARNING * * *
The two-headed ogre burns you.
* * * LOW HITPOINT WARNING * * *
The two-headed ogre looks more healthy.
The two-headed ogre hits you with a +0 giant club of flaming.
* * * LOW HITPOINT WARNING * * *
The two-headed ogre burns you.
* * * LOW HITPOINT WARNING * * *
The two-headed ogre hits you with a +0 giant club of flaming.
* * * LOW HITPOINT WARNING * * *
The two-headed ogre burns you.
You die...

≈§ ≈§§≈§§≈ ≈≈§
.≈≈≈≈§§§≈≈§§≈§
..≈≈≈§§§§≈≈≈§≈
..≈≈§§§≈≈≈≈§≈
#.§.≈≈≈≈§≈≈≈§ ##+##
###..≈§≈≈≈≈§≈≈§
#...###8.....≈≈§≈≈≈§≈
+.∩.@.......§§§§§≈§≈≈
#..O###8......§§≈≈≈≈.
##'## ####....≈≈≈≈≈.#
..(# ####......##
..⌠.. ########
[8..... ##.....#
#..8..# ##$$$##


You could see a two-headed ogre.

Vanquished Creatures
  A fire giant (D:10)
  A two-headed ogre (D:9)
  Urug (D:10)
  A cane toad (Lair:1)
  2 komodo dragons
  A troll (D:9)
  Grinder (D:3)
  Sigmund (D:3)
  A shadow (D:8)
  2 wyverns (D:10)
  5 fire bats (Volcano)
  5 yaks (D:10)
  2 basilisks
  5 water moccasins
  4 orc warriors
  5 ogres
  A black bear (Lair:1)
  2 phantoms
  A hornet zombie (D:10)
  3 centaurs
  2 big kobolds
  9 bullfrogs
  2 wyvern skeletons
  A scorpion (D:10)
  7 killer bees
  9 wights
  A centaur zombie (D:3)
  4 lava snakes (Volcano)
  3 bullfrog skeletons
  3 hounds
  A centaur skeleton (D:5)
  An orc priest (D:4)
  2 jellies
  Jessica (D:2)
  2 iguanas
  6 orc wizards
  5 worker ants
  A killer bee zombie (D:5)
  A hound zombie (D:5)
  2 hound skeletons
  A worker ant zombie (D:6)
  8 gnolls
  12 adders
  A white imp (D:8)
  An ufetubus (D:5)
  2 oozes
  An adder zombie (D:5)
  2 adder skeletons
  A worm (D:2)
  2 dart slugs (D:1)
  13 leopard geckos
  27 orcs
  10 bats
  3 giant cockroaches
  5 goblins
  6 hobgoblins
  6 jackals
  5 quokkas
  2 ball pythons
  A ball python skeleton (D:4)
  13 frilled lizards
  19 kobolds
  A quokka skeleton (D:7)
  6 rats
256 creatures vanquished.

Vanquished Creatures (collateral kills)
  A rime drake (Lair:1)
  3 lava snakes (Volcano)
4 creatures vanquished.

Vanquished Creatures (others)
  4 fungi (D:10)
  44 plants
48 creatures vanquished.

Grand Total: 308 creatures vanquished

Notes
Turn   | Place    | Note
-------+----------+-------------------------------------------
     0 | D:1      | Somethingsin the Hill Orc Gladiator began the quest for the
                  | Orb.
     0 | D:1      | Reached XP level 1. HP: 18/18 MP: 1/1
    32 | D:1      | Reached XP level 2. HP: 25/25 MP: 2/2
   307 | D:1      | Reached skill level 5 in Axes
   446 | D:1      | Reached XP level 3. HP: 30/30 MP: 3/3
  1024 | D:2      | Reached skill level 6 in Axes
  1024 | D:2      | Reached skill level 1 in Armour
  1024 | D:2      | Reached XP level 4. HP: 20/37 MP: 4/4
  1216 | D:2      | Noticed Jessica
  1241 | D:2      | Killed Jessica
  1500 | D:2      | Reached XP level 5. HP: 30/42 MP: 5/5
  2192 | D:2      | Reached skill level 7 in Axes
  2340 | D:3      | Found a faded altar of an unknown god.
  2468 | D:3      | Found a runed translucent gate.
  2469 | D:3      | Found a runed translucent gate.
  2469 | D:3      | Found a runed translucent gate.
  2470 | D:3      | Noticed kthxbai's ghost (amateur DsAK)
  2470 | D:3      | Noticed Richi's ghost (amateur NaCK)
  2470 | D:3      | Noticed stripedtigrrr's ghost (amateur TeSu)
  2715 | D:3      | Noticed Sigmund
  2727 | D:3      | Reached XP level 6. HP: 42/49 MP: 6/6
  2776 | D:3      | Killed Sigmund
  2777 | D:3      | Reached skill level 8 in Axes
  2966 | D:3      | Noticed an orc warrior
  2995 | D:3      | Killed an orc warrior
  2996 | D:3      | Reached skill level 9 in Axes
  2996 | D:3      | Reached XP level 7. HP: 21/56 MP: 7/7
  3294 | D:3      | Found an ancient bone altar of Kikubaaqudgha.
  3589 | D:3      | Found a shadowy altar of Dithmenos.
  3595 | D:3      | Found a basalt altar of Yredelemnul.
  3599 | D:3      | Noticed Grinder
  3603 | D:3      | Paralysed by Grinder for 2 turns
  3606 | D:3      | Killed Grinder
  3607 | D:3      | Found an iron altar of Okawaru.
  4107 | D:4      | Found a white marble altar of Elyvilon.
  4206 | D:4      | Reached skill level 5 in Armour
  4218 | D:4      | Reached skill level 10 in Axes
  4524 | D:4      | Reached XP level 8. HP: 21/62 MP: 8/8
  4756 | D:4      | Found a stormy altar of Qazlal.
  4997 | D:4      | Found a staircase to the Ecumenical Temple.
  5005 | Temple   | Entered the Ecumenical Temple
  5344 | D:4      | Found a radiant altar of Vehumet.
  5548 | D:5      | Entered Level 5 of the Dungeon
  5548 | D:5      | Found a burning altar of Makhleb.
  5556 | D:5      | Became a worshipper of Makhleb the Destroyer
  6697 | D:6      | Found an ornate altar of the Wu Jian Council.
  6941 | D:6      | Reached * piety under Makhleb
  6945 | D:6      | Reached XP level 9. HP: 51/68 MP: 9/9
  7342 | D:6      | Found Yguobb's Serpentskin Sales.
  7561 | D:6      | Bought an uncursed ring of poison resistance for 240 gold
                  | pieces
  7561 | D:6      | Bought 3 curare-tipped darts for 21 gold pieces
  7561 | D:6      | Bought 5 curare-tipped darts for 36 gold pieces
  7766 | D:7      | Found a flagged portal.
  8092 | D:7      | Reached skill level 11 in Axes
  8092 | D:7      | Reached skill level 1 in Evocations
  8826 | D:8      | Found a shimmering altar of Xom.
  8880 | D:8      | Found Gagufyca's Assorted Antiques.
  8903 | D:8      | Found Goplan's Gadget Shoppe.
  8955 | D:8      | Reached ** piety under Makhleb
  9062 | D:8      | Reached skill level 12 in Axes
  9132 | D:8      | Found a white marble altar of Elyvilon.
  9301 | D:8      | Found Myty's General Store.
  9440 | D:8      | Reached skill level 1 in Invocations
  9598 | D:8      | Bought a potion of curing for 42 gold pieces
  9776 | D:8      | Found Nezock's Magic Scroll Shoppe.
  9790 | D:8      | Bought a scroll of enchant armour for 112 gold pieces
  9998 | D:9      | Reached XP level 10. HP: 74/74 MP: 11/11
 10208 | D:9      | Noticed a two-headed ogre
 10216 | D:9      | Killed a two-headed ogre
 10217 | D:9      | Reached skill level 13 in Axes
 10217 | D:9      | Reached skill level 5 in Invocations
 11358 | D:10     | Entered Level 10 of the Dungeon
 11362 | D:10     | Noticed Urug
 11390 | D:10     | Killed Urug
 11391 | D:10     | Reached skill level 14 in Axes
 11588 | D:10     | Noticed Gastronok
 11589 | D:10     | Noticed Gastronok
 11589 | D:10     | Gastronok changed into Gastronok the fire giant
 11601 | D:10     | Killed Gastronok the fire giant
 11601 | D:10     | Reached *** piety under Makhleb
 11602 | D:10     | Reached skill level 15 in Axes
 11602 | D:10     | Reached XP level 11. HP: 6/80 MP: 14/16
 12195 | D:10     | Found a staircase to the Lair.
 12218 | D:10     | Reached skill level 16 in Axes
 12519 | Lair:1   | Entered Level 1 of the Lair of Beasts
 12769 | Lair:1   | Found a dark tunnel.
 12772 | Lair:1   | Reached skill level 17 in Axes
 12785 | Volcano  | Entered a volcano
 13182 | Volcano  | Noticed a two-headed ogre
 13190 | Volcano  | HP: 3/80 [two-headed ogre/+0 giant club of flaming (2)]
 13192 | Volcano  | HP: 1/80 [two-headed ogre/+0 giant club of flaming (1)]
 13192 | Volcano  | Slain by a two-headed ogre

Illustrated notes

Levels and vault maps discovered:
D:1:      tarquinn_simple_flora_water_e, layout_basic
D:2:      layout_loops_ring, uniq_jessica
D:3:      layout_basic, general_overflow_altar,
          minmay_overflow_temple_star_quad,
          chequers_ecumenical_altar_simple_redux, gammafunk_ghost_cemetery,
          uniq_grinder, uniq_crazy_yiuf_cottage, uniq_sigmund
D:4:      layout_rooms, grunt_qazlal_clouds, vehumet_altar_wand_db,
          minmay_temple_entry_slanted, elyvilon_altar_4
D:5:      layout_loops_ring, old_standard_altar, chequers_serial_rivers_room_b
D:6:      layout_loops_ring, overflow_temple_1_default, supply_closet_lemuel,
          guppyfry_shop_venom
D:7:      layout_loops_ring, enter_bailey_2,
          hangedman_abyss_or_decor_lesser_grid
D:8:      layout_rooms, kennysheep_mini, serial_shops, kennysheep_little_box,
          shop, nicolae_shop_trees, nicolae_shop_trees, basic_altar,
          serial_bayou_lagoon_a
D:9:      layout_gridville, minmay_lizard_king
D:10:     layout_loops_corners, minmay_lair_entry_grove, uniq_urug,
          uniq_gastronok
Temple:   nicolae_temple_figure_eight
Lair:1:   layout_gridlike, nicolae_volcano_entry_two_sided,
          minmay_lair_oklob_items, st_stairs_10, grunt_megastairs_2,
          uniq_nergalle
Volcano:  volcano_grotto [vgs_many_chambers]

Skill      XL: |  1  2  3  4  5  6  7  8  9 10 11 |
---------------+----------------------------------+-----
Axes           | 5 6 7 9 10 12 15 17 | 17.4
Throwing       | 2 |  2.0
Armour         | 1 2 3 5 8 9 |  9.3
Evocations     | 4 |  4.4
Invocations    | 2 6 7 |  7.5
Fighting       | |  2.4
Dodging        | |  2.4

Action                   |  1- 3 |  4- 6 |  7- 9 | 10-12 || total
-------------------------+-------+-------+-------+-------++-------
Melee: War axe           |   119 |   140 |     6 |   115 ||   380
       Flail             |       |       |   344 |    32 ||   376
       Spear             |       |       |   164 |     2 ||   166
       Battleaxe         |       |       |       |   141 ||   141
Throw: Throwing net      |     2 |     3 |       |       ||     5
       Dart              |       |    17 |    18 |    13 ||    48
       Boomerang         |       |       |     1 |       ||     1
Invok: Minor Destruction |       |       |       |     5 ||     5
       Lesser Servant of |       |       |       |     3 ||     3
Evoke: Wand              |       |       |     4 |     5 ||     9
  Use: Potion            |       |     6 |     4 |     6 ||    16
       Scroll            |       |     2 |    12 |     1 ||    15
 Stab: Distracted        |       |       |       |     1 ||     1
Armor: Leather armour    |    49 |    11 |       |       ||    60
       Scale mail        |       |    35 |     1 |       ||    36
       Chain mail        |       |       |    94 |       ||    94
       Skin              |       |       |    22 |       ||    22
       Plate armour      |       |       |   191 |   172 ||   363
Dodge: Dodged            |    88 |   103 |   226 |    91 ||   508
